 Dungeon Crawl Stone Soup version 0.32-a0-842-gbbb8fdbe59 (webtiles) character file.

Game seed: 10152893011471230637

25578 Morbidden the Destroyer (level 13, -3/63 HPs)
             Began as a Vine Stalker Conjurer on Mar 27, 2024.
             Was a High Priest of Vehumet.
             Slain by a dire elephant simulacrum (16 damage)
             ... in an ice cave.
             The game lasted 00:33:45 (16084 turns).

Morbidden the Destroyer (Vine Stalker Conjurer)    Turns: 16084, Time: 00:33:46

Health: -3/63      AC: 14    Str: 14    XL:     13   Next: 20%
Magic:  0/37       EV: 10    Int: 27    God:    Vehumet [*****.]
Gold:   860        SH: 10    Dex: 14    Spells: 8/31 levels left

rFire   x . .        a - +6 rapier "Zugiatef" {holy, rPois Str+4}
rCold   + + +        Z - +1 kite shield {rC+}
rNeg    . . .        E - +0 swamp dragon scales
rPois   +            p - +3 hat of Pondering {ponderous, Will+ MP+10 Int+5}
rElec   .            X - +1 cloak {rC+}
rCorr   .            (no gloves)
SInv    .            B - +0 pair of boots
Will    ++...        q - amulet of regeneration
Stlth   ++           H - +4 ring of slaying
HPRegen 1.90/turn    F - ring of ice
MPRegen 0.25/turn

%: guardian spirit
@: slow
A: fangs 3, regeneration 1, magic shield, antimagic bite, no potion heal 2
a: Renounce Religion


You were in an ice cave.
You worshipped Vehumet.
Vehumet was extremely pleased with you.
You visited 3 branches of the dungeon, and saw 13 of its levels.
You also visited: Sewer, Ossuary, Bailey and Ice Cave.

You collected 888 gold pieces.
You spent 28 gold pieces at shops.

Inventory:

Hand Weapons
 a - the +6 rapier "Zugiatef" (weapon) {holy, rPois Str+4}
   (You found it on level 6 of the Dungeon)

   Str+4:     It affects your strength (+4).
   rPois:     It protects you from poison.
 b - a +2 dagger of venom
 Q - a +3 scimitar of flaming
Missiles
 o - 4 throwing nets
 O - 3 boomerangs
 V - 3 curare-tipped darts
Armour
 c - a +0 tower shield
 p - the +3 hat of Pondering (worn) {ponderous, Will+ MP+10 Int+5}
   (You took it off Gastronok on level 10 of the Dungeon)

   Int+5:     It affects your intelligence (+5).
   Will+:     It increases your willpower.
   MP+10:     It affects your magic capacity (+10).
 B - a +0 pair of boots (worn)
 E - +0 swamp dragon scales (worn)
 P - a +1 tower shield of cold resistance
 X - a +1 cloak of cold resistance (worn)
 Z - a +1 kite shield of cold resistance (worn)
Magical Staves
 j - a staff of air
Jewellery
 i - a +6 ring of intelligence
 q - an amulet of regeneration (around neck)
 t - a ring of see invisible
 v - a ring of wizardry
 F - a ring of ice (right hand)
 H - a +4 ring of slaying (left hand)
 S - a ring of willpower
 W - a ring of willpower
Talismans
 n - a beast talisman
 u - a dragon-blood talisman
Wands
 h - a wand of acid (17)
 s - a wand of iceblast (4)
 D - a wand of paralysis (2)
 T - a wand of mindburst (9)
Scrolls
 e - 3 scrolls of fog
 g - 2 scrolls of poison
 m - a scroll of noise
 r - 2 scrolls of brand weapon
 x - a scroll of enchant weapon
 y - 2 scrolls of torment
 C - 2 scrolls of vulnerability
 I - a scroll of revelation
 M - a scroll of summoning
 N - a scroll of amnesia {unknown}
 R - 2 scrolls of blinking
 U - 3 scrolls of teleportation
 Y - a scroll of identify
Potions
 d - 2 potions of berserk rage {unknown}
 k - 2 potions of curing {unknown}
 l - 2 potions of heal wounds {unknown}
 w - 7 potions of enlightenment {unknown}
 z - 2 potions of degeneration {unknown}
 A - 2 potions of attraction
 G - 5 potions of haste {unknown}
 J - a potion of mutation
 K - a potion of lignification
 L - 4 potions of brilliance
Miscellaneous
 f - a sack of spiders (inert)


   Skills:
 * Level 5.3 Fighting
 * Level 6.3 Short Blades
 + Level 4.5 Armour
 * Level 5.3 Dodging
 + Level 4.8 Stealth
 * Level 4.1 Shields
 + Level 0.3 Unarmed Combat
 * Level 9.6 Spellcasting
 * Level 10.1 Conjurations
 * Level 4.8 Summonings
 * Level 5.5 Translocations
 * Level 4.1 Fire Magic
 * Level 3.7 Air Magic
 + Level 0.4 Evocations
 * Level 5.6 Shapeshifting


You had 8 spell levels left.
You knew the following spells:

 Your Spells              Type           Power      Damage    Failure   Level
a - Magic Dart            Conj           100%       1d8       1%          1
b - Iskenderun's Battles  Conj           61%        2d11      3%          5
c - Call Canine Familiar  Summ           39%        N/A       11%         3
d - Orb of Destruction    Conj           30%        9d10      63%         7
s - Searing Ray           Conj           100%       2d8       1%          2
x - Foxfire               Conj/Fire      100%       2x1d9     1%          1
z - Iskenderun's Mystic   Conj/Tloc      53%        2d11      3%          4

Your spell library contained the following spells:

 Spells                   Type           Power      Damage    Failure   Level
 Sting                    Conj/Alch      100%       1d9       1%          1
 Apportation              Tloc           84%        N/A       2%          1
 Stone Arrow              Conj/Erth      80%        3d12      2%          3
 Summon Small Mammal      Summ           100%       N/A       3%          1
 Lesser Beckoning         Tloc           84%        N/A       4%          2
 Sandblast                Erth           26%        2d8       8%          1
 Gell's Gravitas          Tloc           42%        N/A       9%          3
 Teleport Other           Tloc           42%        N/A       9%          3
 Brom's Barrelling Bould  Conj/Erth      40%        2d6       9%          4
 Fulminant Prism          Conj/Alch      20%        3d12      9%          4
 Irradiate                Conj/Alch      20%        3d18      24%         5
 Necrotise                Necr           52%        1d6       28%         1
 Jinxbite                 Hex            26%        N/A       38%         2
 Sublimation of Blood     Necr           13%        N/A       38%         2
 Summon Blazeheart Golem  Fire/Summ      37%        N/A       38%         4
 Summon Forest            Summ/Tloc      20%        N/A       65%         5
 Leda's Liquefaction      Alch/Erth      6%         N/A       95%         4
 Petrify                  Alch/Erth      13%        N/A       95%         4
 Summon Mana Viper        Hex/Summ       26%        N/A       95%         5
 Summon Cactus Giant      Summ           19%        N/A       99%         6
 Alistair's Intoxication  Alch           8%         N/A       100%        5
 Metabolic Englaciation   Hex/Ice        9%         N/A       100%        5


Dungeon Overview and Level Annotations

Branches:
Dungeon (10/15)            Temple (1/1) D:7            Lair (2/5) D:10
 Shoals (0/4) Lair:2        Sewer (visited)         Ossuary (visited)
 Bailey (visited)           IceCv (1/1)
  Snake: Lair:2-3    Spider: Lair:2-3       Orc: D:9-12

Altars:
Ashenzari
Cheibriados
Dithmenos
Elyvilon
Fedhas
Gozag
Hepliaklqana
Kikubaaqudgha
Makhleb
Nemelex Xobeh
Okawaru
Qazlal
Ru
Sif Muna
Trog
Uskayaw
Vehumet
Wu Jian
Xom
Yredelemnul
Zin
The Shining One

Shops:
D:8 [:   D:9 *

Annotations:
IceCv exclusion: ice statue


Innate Abilities, Weirdness & Mutations

You have razor-sharp teeth.
Your natural rate of healing is unusually fast.
When hurt, damage is shared between your health and your magic reserves.
Your bite disrupts and absorbs the magic of your enemies.
Potions cannot restore your health.


Message History

Unknown command.
Casting: Magic Dart (safe; 1% risk of failure)
Confirm with . or Enter, or press ? or * to list all spells.
You erupt in a blast of force!
The mystic blast hits the dire elephant simulacrum.
The dire elephant simulacrum is moderately damaged.
The dire elephant simulacrum is knocked back by the mystic blast.
The dire elephant simulacrum slams into the ice covered rock wall.
Unknown command.
Unknown command.
Aiming: Corrosive Bolt
Press: ? - help, Shift-Dir - straight line, f - dire elephant simulacrum
Aim: a dire elephant simulacrum (moderately damaged, 100% to hit)
The bolt of acid hits the dire elephant simulacrum but does no damage.
The dire elephant simulacrum is moderately damaged.
Unknown command.
Unknown command.
Unknown command.
You hit the dire elephant simulacrum but do no damage.
You bite the dire elephant simulacrum. You drain its power.
You feel invigorated.
The dire elephant simulacrum is heavily damaged.
The dire elephant simulacrum tramples you!!
* * * LOW HITPOINT WARNING * * *
You hold your ground!
The dire elephant simulacrum barely misses you.
Unknown command.
Unknown command.
Unknown command.
Unknown command.
Casting: Iskenderun's Mystic Blast (dangerous; 3% risk of failure)
Confirm with . or Enter, or press ? or * to list all spells.
You don't have enough magic to cast this spell.
Unknown command.
You hit the dire elephant simulacrum.
The dire elephant simulacrum convulses.
You bite the dire elephant simulacrum! You drain its power.
You feel invigorated.
The dire elephant simulacrum is severely damaged.
The dire elephant simulacrum tramples you!!
You die...

##... #
#..... ##
###^...# #.
##.....# ##.
#...^I.# #ß.
##......# #..
#..#Z...# #..
##Z##....#
#..
##.@##4....
#####ß. #..##
#....
##..#...
##..#
##.###...#...
##.##
##..#....#
#..##
#..#...##
##..#
#..##.##
##.## ##..###
#..#
######..## #
##.## #..#
##..# #


You could see a dire elephant simulacrum.

Vanquished Creatures
  Erica (D:9)
  Sonja (Lair:1)
  Nergalle (Lair:2)
  Maurice (D:7)
  A black mamba (Lair:1)
  A gargoyle (Bailey)
  Maggie (D:6)
  2 komodo dragons (Lair:1)
  4 cane toads (Lair:1)
  A rime drake (Lair:1)
  An unseen horror (D:10)
  A kobold demonologist (D:6)
  3 freezing wraiths (IceCv)
  13 ice devils
  3 anaconda simulacra (IceCv)
  3 trolls
  A hornet (D:7)
  7 blink frogs (Lair:1)
  Sigmund (D:2)
  A dire elephant simulacrum (IceCv)
  2 wyverns
  A vampire (Bailey)
  11 yaks
  3 basilisks
  2 vampire mosquitoes (D:10)
  5 death yak simulacra (IceCv)
  An acid dragon (D:9)
  2 harpy simulacra (IceCv)
  4 water moccasins
  4 orc warriors
  2 hydra simulacra (IceCv)
  2 ice beasts
  4 black bears
  2 laughing skulls (D:10)
  7 wolves
  A centaur (D:8)
  2 ogres (D:4)
  An elf zombie (Ossuary)
  A phantom (D:6)
  A kobold brigand (D:9)
  A weeping skull (Ossuary)
  A wyvern zombie (D:6)
  2 gnoll sergeants (D:8)
  15 bullfrogs
  5 scorpions
  3 cane toad simulacra (IceCv)
  A water moccasin zombie (D:6)
  A two-headed ogre simulacrum (IceCv)
  5 wights
  A burial acolyte (D:6)
  A wyvern skeleton (D:6)
  3 killer bees (D:9)
  5 elephant simulacra (IceCv)
  6 vampire bats (Bailey)
  8 howler monkeys
  7 wolf zombies (Bailey)
  3 centaur zombies
  3 bombardier beetles
  A bullfrog zombie (D:6)
  2 bullfrog skeletons (D:6)
  6 hounds
  A jelly (D:5)
  10 orc priests
  4 human zombies
  A gnoll bouda (D:8)
  A centaur skeleton (D:6)
  3 sleepcaps (D:6)
  An iguana (D:7)
  12 orc wizards
  4 polar bear simulacra (IceCv)
  A spriggan simulacrum (IceCv)
  3 troll simulacra (IceCv)
  3 wolf simulacra (IceCv)
  2 crocodile zombies (Ossuary)
  A hound zombie (Ossuary)
  3 mummies (Ossuary)
  2 howler monkey skeletons (D:6)
  15 adders
  16 gnolls (D:8)
  2 shadow imps (D:6)
  A white imp (D:5)
  7 ufetubi
  2 adder zombies (Ossuary)
  7 dart slugs
  33 orcs
  20 ball pythons
  13 endoplasms
  14 giant cockroaches
  2 gnoll zombies (Ossuary)
  3 goblins
  8 hobgoblins
  5 jackals
  3 quokkas
  6 ball python zombies (Ossuary)
  2 bats (D:2)
  10 frilled lizards
  2 jackal zombies (Ossuary)
  13 kobolds
  5 kobold zombies (Ossuary)
  23 orc zombies
  6 rats
456 creatures vanquished.

Vanquished Creatures (collateral kills)
  Gastronok (D:10)
  A vampire (D:9)
  A wight (D:8)
  8 foxfires
11 creatures vanquished.

Vanquished Creatures (others)
  283 foxfires
283 creatures vanquished.

Grand Total: 750 creatures vanquished

Notes
Turn   | Place    | Note
-------+----------+-------------------------------------------
     0 | D:1      | Morbidden the Vine Stalker Conjurer began the quest for the
                  | Orb.
     0 | D:1      | Reached XP level 1. HP: 9/9 MP: 4/4
   234 | D:1      | Reached XP level 2. HP: 14/14 MP: 3/6
   322 | D:1      | Learned a level 2 spell: Searing Ray
   960 | D:2      | Found a faded altar of an unknown god.
  1054 | D:2      | Noticed Sigmund
  1056 | D:2      | Reached XP level 3. HP: 17/17 MP: 5/7
  1066 | D:2      | Killed Sigmund
  1067 | D:2      | Reached skill level 1 in Fighting
  1067 | D:2      | Reached skill level 1 in Armour
  1067 | D:2      | Reached skill level 5 in Conjurations
  1067 | D:2      | Reached XP level 4. HP: 6/22 MP: 1/9
  1067 | D:2      | Reached XP level 5. HP: 7/25 MP: 1/10
  1469 | D:2      | You fall into a shaft and drop 1 floor!
  2047 | D:3      | Reached XP level 6. HP: 29/30 MP: 5/11
  2731 | D:4      | Reached skill level 1 in Short Blades
  2855 | D:4      | Reached skill level 1 in Shapeshifting
  2916 | D:4      | Found a glowing drain.
  2919 | Sewer    | Entered a sewer
  2927 | Sewer    | Learned a level 4 spell: Iskenderun's Mystic Blast
  3018 | Sewer    | Reached XP level 7. HP: 33/33 MP: 8/13
  3698 | Sewer    | Reached skill level 6 in Conjurations
  4287 | D:4      | Identified the +2 dagger "Goaghap" {drain, *Noise Will+++
                  | Int-2 Stlth+}
  4339 | D:4      | Reached skill level 1 in Translocations
  4584 | D:4      | Gained mutation: You have razor-sharp teeth. [Vine Stalker
                  | growth]
  4584 | D:4      | Reached XP level 8. HP: 39/39 MP: 7/15
  4875 | D:5      | Entered Level 5 of the Dungeon
  4962 | D:5      | Found a sparkling altar of Nemelex Xobeh.
  5232 | D:5      | Found a shadowy altar of Dithmenos.
  5257 | D:5      | Learned a level 3 spell: Call Canine Familiar
  5795 | D:5      | Reached skill level 7 in Conjurations
  6284 | D:6      | Reached skill level 5 in Spellcasting
  6419 | D:6      | Noticed a kobold demonologist
  6427 | D:6      | Noticed a rust devil
  6429 | D:6      | Noticed a rust devil
  6657 | D:6      | Noticed Maggie
  6666 | D:6      | Killed Maggie
  6667 | D:6      | Reached skill level 1 in Summonings
  6667 | D:6      | Reached XP level 9. HP: 43/43 MP: 14/18
  7051 | D:6      | Noticed a rust devil
  7055 | D:6      | Killed a kobold demonologist
  7276 | D:6      | Found a hide-covered altar of Uskayaw.
  7303 | D:6      | Identified the +6 rapier "Zugiatef" {holy, rPois Str+4}
  7782 | D:6      | Found an ancient bone altar of Kikubaaqudgha.
  7795 | D:6      | Reached skill level 8 in Conjurations
  8063 | D:7      | Noticed Maurice
  8063 | D:7      | Found a sand-covered staircase.
  8074 | D:7      | Found a staircase to the Ecumenical Temple.
  8081 | Temple   | Entered the Ecumenical Temple
  8107 | Temple   | Became a worshipper of Vehumet
  8167 | D:7      | Reached XP level 10. HP: 49/49 MP: 1/20
  8271 | Ossuary  | Entered an ossuary
  8283 | Ossuary  | Reached * piety under Vehumet
  8283 | Ossuary  | Offered knowledge of Foxfire by Vehumet.
  8486 | D:7      | Found a flagged portal.
  8493 | Bailey   | Entered a bailey
  8527 | Bailey   | Learned a level 1 spell: Foxfire
  8537 | Bailey   | Offered knowledge of Sting by Vehumet.
  8588 | Bailey   | Reached ** piety under Vehumet
  8638 | Bailey   | Identified the +1 plate armour of the Transmuting Gods
                  | {rCorr Dex+7 Stlth-}
  8847 | Bailey   | Noticed a gargoyle
  8855 | Bailey   | Killed a gargoyle
  8856 | Bailey   | Reached skill level 1 in Shields
  9034 | Bailey   | Offered knowledge of Volatile Blastmotes by Vehumet.
  9204 | Bailey   | Identified the +0 leather armour of Suutin {Int+3}
  9302 | D:7      | Reached *** piety under Vehumet
  9311 | D:7      | Reached skill level 1 in Fire Magic
  9311 | D:7      | Reached skill level 1 in Air Magic
  9442 | D:7      | Something stole 145 gold
  9443 | D:7      | Something stole a ring of see invisible
  9443 | D:7      | Killed Maurice
  9846 | D:7      | Found a bloodstained altar of Trog.
 10095 | D:8      | Found Rusoschi's Armour Emporium.
 10106 | D:8      | Reached XP level 11. HP: 53/53 MP: 22/22
 10121 | D:8      | Found Xedos's Book Emporium.
 10170 | D:8      | Offered knowledge of Ignite Poison by Vehumet.
 10541 | D:8      | Reached **** piety under Vehumet
 10984 | D:9      | Offered knowledge of Iskenderun's Battlesphere by Vehumet.
 10991 | D:9      | Learned a level 5 spell: Iskenderun's Battlesphere
 11054 | D:9      | Noticed Erica
 11059 | D:9      | Killed Erica
 11089 | D:9      | Found a glowing golden altar of the Shining One.
 11633 | D:9      | Found Cirowuif's Assorted Antiques.
 11642 | D:9      | Bought a silvery potion for 28 gold pieces
 11672 | D:9      | Found a hazy altar of Hepliaklqana.
 11987 | D:9      | Reached skill level 5 in Short Blades
 12159 | D:10     | Entered Level 10 of the Dungeon
 12250 | D:10     | Reached skill level 9 in Conjurations
 12317 | D:10     | Found a staircase to the Lair.
 12964 | D:10     | Found a broken altar of Ashenzari.
 13283 | Lair:1   | Entered Level 1 of the Lair of Beasts
 13283 | Lair:1   | Noticed Gastronok
 13304 | D:10     | Killed Gastronok
 13305 | D:10     | Reached skill level 5 in Dodging
 13379 | Lair:1   | Reached XP level 12. HP: 54/58 MP: 19/25
 13811 | Lair:1   | Noticed Sonja
 13817 | Lair:1   | Killed Sonja
 13900 | Lair:1   | Reached ***** piety under Vehumet
 13900 | Lair:1   | Offered knowledge of Plasma Beam by Vehumet.
 14052 | Lair:1   | Reached skill level 5 in Shapeshifting
 14961 | Lair:2   | Noticed Nergalle
 14970 | Lair:2   | Killed Nergalle
 15023 | Lair:2   | Found a frozen archway.
 15104 | IceCv    | Entered an ice cave
 15496 | IceCv    | Reached skill level 5 in Fighting
 15665 | IceCv    | Reached skill level 5 in Translocations
 15792 | IceCv    | Found an ancient bone altar of Kikubaaqudgha.
 15800 | IceCv    | Reached skill level 10 in Conjurations
 15800 | IceCv    | Reached XP level 13. HP: 63/63 MP: 26/27
 15803 | IceCv    | Offered knowledge of Orb of Destruction by Vehumet.
 16020 | IceCv    | Learned a level 7 spell: Orb of Destruction
 16084 | IceCv    | Slain by a dire elephant simulacrum

Illustrated notes

Levels and vault maps discovered:
D:1:      matt_arrival_los_fun, layout_loops_ring, grunt_decor_junction
D:2:      layout_loops_ring, shapermc_ecumenical_altar_venn,
          uniq_crazy_yiuf_cottage, uniq_sigmund
D:3:      layout_loops_ring, kennysheep_generic_room_3
D:4:      layout_rooms, mainiacjoe_sewer_entry_somewhere_in_here_1,
          minmay_tree_intersection
D:5:      layout_basic, nemelex_diamond_rough_becter, grunt_dithmenos_smoke,
          chequers_mini_garden
D:6:      layout_cave_pods, lemuel_mausoleum_altar_kikubaaqudgha,
          eat_drink_and_be_merry_uskayaw, uniq_maggie
D:7:      layout_rooms, lemuel_coloured_pillars_altar,
          minmay_temple_entry_arrows, chequers_ossuary_entry_cave,
          enter_bailey_2, serial_rivers, chequers_serial_rivers_room_b,
          chequers_serial_rivers_small_a, chequers_serial_rivers_marsh,
          chequers_serial_rivers_room_a, uniq_maurice
D:8:      layout_cave_pools, serial_shops, nicolae_shop_trees,
          serial_gnoll_camp, gnoll_camp_mini_hut, gnoll_camp_mini_shop,
          gnoll_camp_medium_02, gnoll_camp_mini_hut
D:9:      layout_loops_cross, tso_altar, nzn_hepliaklqana_mist_gate,
          serial_shops, nicolae_shop_overgrown_old_shop, uniq_erica
D:10:     layout_roguey, mainiacjoe_overflow_tiny_flanked,
          erik_lair_orcish_takeover
Temple:   compressed_dpeg_circular_temple
Lair:1:   layout_concentric_octagons, uniq_gastronok, uniq_sonja
Lair:2:   layout_roguey, minmay_shoals_entry_centaurs,
          portal_ice_cave_demonic_guard, uniq_nergalle
IceCv:    ice_cave_small_necro

Skill      XL: |  1  2  3  4  5  6  7  8  9 10 11 12 13 |
---------------+----------------------------------------+-----
Fighting       | 1 2 3 4 5 |  5.3
Armour         | 1 2 3 4 |  4.5
Dodging        | 2 3 4 5 |  5.3
Conjurations   | 5 6 7 8 9 10 | 10.1
Spellcasting   | 3 4 5 6 8 9 |  9.6
Short Blades   | 1 2 3 4 5 6 |  6.3
Shapeshifting  | 1 2 3 4 5 |  5.6
Translocations | 1 2 3 4 5 |  5.5
Stealth        | 3 4 |  4.8
Summonings     | 1 2 3 4 |  4.8
Shields        | 1 2 3 4 |  4.1
Fire Magic     | 1 2 3 4 |  4.1
Air Magic      | 1 2 3 |  3.7
Unarmed Combat | |  0.3
Evocations     | |  0.4

Action                     |  1- 3 |  4- 6 |  7- 9 | 10-12 | 13-15 || total
---------------------------+-------+-------+-------+-------+-------++-------
  Melee: Unarmed           |     9 |       |       |       |       ||     9
         Dagger            |     7 |    47 |    18 |       |       ||    72
         Bite              |     2 |     9 |    13 |    79 |     7 ||   110
         Rapier            |       |       |    31 |   270 |    16 ||   317
   Cast: Magic Dart        |    32 |    75 |   210 |   150 |     9 ||   476
         Searing Ray       |     2 |     4 |    36 |    20 |       ||    62
         Call Canine Famil |       |       |     3 |     9 |       ||    12
         Iskenderun's Myst |       |       |     8 |    97 |    21 ||   126
         Foxfire           |       |       |       |   166 |     1 ||   167
         Iskenderun's Batt |       |       |       |    37 |     4 ||    41
  Evoke: Wand              |       |       |     2 |    12 |     1 ||    15
         Sack of spiders   |       |       |       |     3 |       ||     3
    Use: Potion            |     2 |       |       |     1 |       ||     3
         Scroll            |       |     1 |     1 |    17 |       ||    19
   Stab: Paralysed         |       |       |     4 |     7 |       ||    11
         Sleeping          |       |       |     8 |     6 |       ||    14
         Distracted        |       |       |       |     1 |       ||     1
 Armour: Robe              |     9 |    64 |    19 |       |       ||    92
         Leather armour    |       |       |     9 |       |       ||     9
         Swamp dragon scal |       |       |    25 |   295 |    19 ||   339
  Dodge: Dodged            |    17 |    57 |    45 |   206 |     9 ||   334
  Block: Buckler           |       |       |       |    23 |       ||    23
         Kite shield       |       |       |       |       |     2 ||     2
   Form: Beast             |       |       |     1 |       |       ||     1
                           |       |       |       |     1 |       ||     1

Table legend: (Time is in decaauts)
 A = Elapsed time spent in this place.
 B = Non-inter-level travel time spent in this place.
 C = Inter-level travel time spent in this place.
 D = Time resting spent in this place.
 E = Time spent auto-exploring this place.
 F = Levels seen in this place.
 G = Mean time per level.
                   A        B        C        D        E       F      G
               +--------+--------+--------+--------+--------+-----+--------+
         Total |  16277 |  15700 |    577 |   1043 |  11782 |  17 |  957.5 |
       Dungeon |  11028 |  10572 |    456 |    553 |   8348 |  10 | 1102.8 |
        Temple |     52 |      2 |     50 |      0 |      0 |   1 |   52.0 |
          Lair |   1805 |   1734 |     71 |     72 |   1318 |   2 |  902.5 |
         Sewer |   1389 |   1389 |      0 |    314 |    880 |   1 | 1389.0 |
       Ossuary |    196 |    196 |      0 |      0 |      0 |   1 |  196.0 |
        Bailey |    804 |    804 |      0 |      0 |    571 |   1 |  804.0 |
      Ice Cave |   1000 |   1000 |      0 |    104 |    664 |   1 | 1000.0 |
               +--------+--------+--------+--------+--------+-----+--------+

Top non-repeatable levels by time:
     D:6: 1794 daAuts
  Lair:1: 1602 daAuts
     D:5: 1391 daAuts
   Sewer: 1389 daAuts
    D:10: 1236 daAuts
     D:9: 1179 daAuts
     D:8: 1090 daAuts
   IceCv: 1000 daAuts
     D:1: 955 daAuts
     D:2: 935 daAuts
     D:3: 871 daAuts
  Bailey: 804 daAuts
     D:7: 789 daAuts
     D:4: 784 daAuts
  Lair:2: 202 daAuts
